 Dungeon Crawl Stone Soup version 0.29-a0-334-gb41bcbb86e (webtiles) character file.

Game seed: 8475179904927273224

374 spaghetti the Bolt Thrower (level 6, -2/50 HPs)
             Began as a Deep Dwarf Arcane Marksman on Apr 15, 2022.
             Shot with an arrow by a centaur (6 damage)
             ... on level 5 of the Dungeon.
             The game lasted 00:09:59 (3317 turns).

spaghetti the Bolt Thrower (DDAM)                   Turns: 3317, Time: 00:09:59

Health: -2/50      AC:  3    Str: 14    XL:     6   Next: 43%
Magic:  1/7        EV: 12    Int: 15    God:
Gold:   37         SH:  0    Dex: 13    Spells: 3/7 levels left

rFire   . . .      SeeInvis .   a - +0 hand crossbow {crossbow}
rCold   . . .      Faith    .   (no shield)
rNeg    . . .      Spirit   .   r - +0 robe
rPois   .          Reflect  .   (no helmet)
rElec   .          Harm     .   (no cloak)
rCorr   .          Rampage  .   (no gloves)
Will    .....                   u - +0 pair of boots
Stlth   +.........              (no amulet)
HPRegen 0.00/turn               (no ring)
MPRegen 0.10/turn               (no ring)

@: very slightly contaminated
A: damage resistance, heal wounds, sense surroundings 1, no regeneration
a: Heal Wounds


You were on level 5 of the Dungeon.
You visited 1 branch of the dungeon, and saw 5 of its levels.

You collected 171 gold pieces.
You spent 134 gold pieces at shops.


Innate Abilities, Weirdness & Mutations

You are resistant to damage.
You can heal yourself by infusing magical energy.
You passively map a small area around you.
You do not regenerate.


   Skills:
 - Level 0.8 Fighting
 * Level 6.5 Crossbows
 - Level 2.1 Dodging
 - Level 1.3 Spellcasting
 + Level 3.6 Hexes


You had 3 spell levels left.
You knew the following spells:

 Your Spells              Type           Power      Damage    Failure   Level
a - Slow                  Hex            44%        N/A       5%          1
b - Inner Flame           Hex/Fire       6%         N/A       34%         3

Your spell library contained the following spells:

 Spells                   Type           Power      Damage    Failure   Level
 Portal Projectile        Hex/Tloc       12%        N/A       34%         3
 Cause Fear               Hex            5%         N/A       47%         4

Inventory:

Hand Weapons
 a - a +0 hand crossbow (weapon) {crossbow}
 b - a +2 dagger of venom {short}
   (You found it on level 2 of the Dungeon)
 k - a +0 trident {polearm}
   (You found it on level 1 of the Dungeon)
 m - a +0 falchion {long}
   (You found it on level 1 of the Dungeon)
Missiles
 i - 123 stones {throwing}
 n - a throwing net {=f!fthrowing}
 s - 6 silver javelins {throwing}
Armour
 p - a +0 plate armour
   (You found it on level 2 of the Dungeon)
 r - a +0 robe (worn)
 u - a +0 pair of boots (worn)
   (You bought it in a shop on level 2 of the Dungeon)
Magical Staves
 y - a staff of cold {!astaff}
   (You found it on level 5 of the Dungeon)
Jewellery
 v - a ring of see invisible
   (You found it on level 4 of the Dungeon)
Wands
 f - a wand of iceblast (11)
   (You took it off a gnoll on level 3 of the Dungeon)
 x - a wand of flame (25)
   (You found it on level 4 of the Dungeon)
Scrolls
 c - a scroll of vulnerability {!r!r}
 d - a scroll of immolation {!r!r}
 e - a scroll of blinking {!r}
 g - 2 scrolls of teleportation {@r4}
 h - a scroll of enchant weapon {unknown}
 j - 2 scrolls of enchant armour
 l - a scroll of noise {unknown}
 o - a scroll of identify {@r1}
 q - a scroll of fear {unknown}
 t - a scroll of summoning {unknown}
 w - a scroll of fog {unknown}

Dungeon Overview and Level Annotations

Branches:
Dungeon (4/15)
 Temple: D:4-7

Altars:
Zin

Shops:
D:2 :*[? D:4

( * , , , * * , * * ,
,*############.# *, , ,
g.g...g.c.c..# , * * #.# *
#.# . , , ##@##* #.#*,
.##*# *,* ##...## #.# .. .
,* ###.....#,,#.# *#.#.
#.####.......# #.# ...
#...........♣♣* #.# *#.#
#######......♣###.#######.#
* ##........_♣#............
#.###......♣##†######.###
#.# #.....♣.##.# #.#


You could see a centaur and a gnoll (inner flame).


Message History

Aim: an orc, wielding a +0 dagger and wearing a +0 ring mail (inner flame, 65% to hit)
You shoot a bolt. The bolt barely misses the orc.
The bolt completely misses the orc.
The orc shouts!
An orc comes into view. It is wielding a +0 flail.
Shoot: a) +0 hand crossbow {crossbow}
Press: ? - help, Q - select action, (/) - cycle Shift-Dir - straight line, f/p - orc
Aim: an orc, wielding a +0 dagger and wearing a +0 ring mail (inner flame, 65% to hit)
You shoot a bolt. The bolt barely misses the orc.
The orc shouts!
Your +2 dagger of venom {short} begins to drip with poison!
b - a +2 dagger of venom (weapon)
{short}
Casting: Inner Flame (quite dangerous; 34% risk of failure)
Confirm with . or Enter, or press ? or * to list all spells.
Aiming: Slow (safe; 5% risk of failure)
Press: ? - help, Shift-Dir - straight line, f/p - orc
Aim: an orc, wielding a +0 dagger and wearing a +0 ring mail (inner flame, chance to affect: 67%)
The orc seems to slow down.
The orc barely misses you. 😮 MP[-1]
You lost 1 mp, and now have 3/7 mp.
You hit the orc but do no damage.
The orc is poisoned.
Your punch misses the orc.
Flame seeps out of the orc.
The orc is engulfed in blazing flames.
The orc explodes!
The fiery explosion engulfs the orc wizard!!!
You kill the orc wizard!
The fiery explosion engulfs the orc!
You kill the orc!
The fiery explosion engulfs you!!
* * * LOW HITPOINT WARNING * * *
😨 HP[-18]
You take 18 damage, and now have 14/50 hp.
MASSIVE DAMAGE!! (PAUSE) 😨 MP[+1]
You aren't carrying any potions.
Your +2 dagger of venom {short} stops dripping with poison.
a - a +0 hand crossbow (weapon)
{crossbow} You start resting.
An orc is nearby! 😨 MP[+1] Shoot: a) +0 hand crossbow {crossbow}
Press: ? - help, Q - select action, (/) - cycle Shift-Dir - straight line, f - orc
Aim: an orc, wielding a +0 flail (62% to hit)
You shoot a bolt. The bolt hits the orc.
Shoot: a) +0 hand crossbow {crossbow}
Press: ? - help, Q - select action, (/) - cycle Shift-Dir - straight line, f/p - orc
Aim: an orc, wielding a +0 flail (moderately wounded, 62% to hit)
You shoot a bolt. The bolt hits the orc.
Shoot: a) +0 hand crossbow {crossbow}
Press: ? - help, Q - select action, (/) - cycle Shift-Dir - straight line, f/p - orc
Aim: an orc, wielding a +0 flail (severely wounded, 62% to hit)
You shoot a bolt. The bolt barely misses the orc.
Shoot: a) +0 hand crossbow {crossbow}
Press: ? - help, Q - select action, (/) - cycle Shift-Dir - straight line, f/p - orc
Aim: an orc, wielding a +0 flail (severely wounded, 62% to hit)
You shoot a bolt. The bolt barely misses the orc.
Shoot: a) +0 hand crossbow {crossbow}
Press: ? - help, Q - select action, (/) - cycle Shift-Dir - straight line, f/p - orc
Aim: an orc, wielding a +0 flail (severely wounded, 62% to hit)
You shoot a bolt. The bolt hits the orc.
You kill the orc!
Things that are here:
a +0 flail {mace}; an orc corpse; 😨 MP[+2]
Your mp is fully restored (7).
Things that are here:
a +0 dagger {short}; a +0 ring mail
Found a glowing silver altar of Zin.
Things that are here:
a +0 hand axe {axe}; an orc corpse
Things that are here:
a +0 dagger {short}; a +0 robe; an orc corpse A centaur and 3 gnolls come into view.
The gnoll shouts! x2; You hear a shout!
The centaur wields a +0 shortbow.
The centaur shoots an arrow.
The arrow barely misses you.
You hear an angry hiss.
Casting: Slow (safe; 5% risk of failure)
Confirm with . or Enter, or press ? or * to list all spells.
The spell is quite dangerous to miscast (34% risk of failure)!
Continue anyway?
Aiming: Inner Flame (quite dangerous; 34% risk of failure)
Press: ? - help, Dir - move target, f - gnoll
Aim: a gnoll, wielding a +0 halberd (chance to affect: 60%)
You miscast Inner Flame.
You are very lightly contaminated with residual magic.
Nothing appears to happen.
The centaur shoots an arrow.
The arrow barely misses you. The gnoll barely misses you.
You hear a shout! 😨 MP[-3]
You lost 3 mp, and now have 4/7 mp.
Casting: Inner Flame (quite dangerous; 34% risk of failure)
Confirm with . or Enter, or press ? or * to list all spells.
The spell is quite dangerous to miscast (34% risk of failure)!
Continue anyway?
Aiming: Inner Flame (quite dangerous; 34% risk of failure)
Press: ? - help, Dir - move target, f/p - gnoll
Aim: a gnoll, wielding a +0 halberd (chance to affect: 60%)
The gnoll is filled with an inner flame.
The centaur shoots an arrow.
The arrow hits you!
* * * LOW HITPOINT WARNING * * *
The gnoll closely misses you.
The centaur shoots an arrow.
The arrow hits you!
You die...

Skill      XL: |  1  2  3  4  5 |
---------------+----------------+-----
Crossbows      | 3 4 5 6 |  6.5
Hexes          | 3 |  3.6
Fighting       | |  0.8
Dodging        | |  2.1
Spellcasting   | |  1.3

Action                   |  1- 3 |  4- 6 || total
-------------------------+-------+-------++-------
Melee: Trident           |    12 |     1 ||    13
       Dagger            |       |    17 ||    17
 Fire: Hand crossbow     |   117 |   235 ||   352
 Cast: Inner Flame       |     2 |     5 ||     7
       Slow              |     2 |     2 ||     4
 Abil: Heal Wounds       |     1 |     1 ||     2
  Use: Potion            |     3 |     3 ||     6
       Scroll            |     3 |       ||     3
Armor: Robe              |    17 |    17 ||    34
Dodge: Dodged            |    50 |    91 ||   141

Levels and vault maps discovered:
D:1:      sevenhm_arrival_forest_fort_small_3, layout_basic, minmay_tromino_v4_b
D:2:      minmay_chambers_of_twos, layout_basic,
          hellmonk_ecumenical_altar_blasted, serial_shops, nicolae_shop_stone,
          shop, shop, shop, uniq_robin
D:3:      layout_basic, st_stairs_4, uniq_terence
D:4:      layout_loops_corners, minmay_temple_entry_gardened_gates,
          serial_shops, nicolae_shop_waterfront
D:5:      layout_loops_ring, zin_academy,
          mainiacjoe_overflow_concentric_impassable

Notes
Turn   | Place    | Note
-------+----------+-------------------------------------------
     0 | D:1      | spaghetti the Deep Dwarf Arcane Marksman began the quest
                  | for the Orb.
     0 | D:1      | Reached XP level 1. HP: 16/16 MP: 2/2
     0 | D:1      | magus.rc [v1.9.6]
   153 | D:1      | Reached skill level 3 in Crossbows
   153 | D:1      | Reached XP level 2. HP: 24/24 MP: 3/3
   702 | D:2      | Reached XP level 3. HP: 26/30 MP: 4/4
   706 | D:2      | Learned a level 3 spell: Inner Flame
   754 | D:2      | Found Keenix's Antique Armour Shop.
   771 | D:2      | Found Luitul's Assorted Antiques.
   786 | D:2      | Found Liokh's Magic Scroll Shoppe.
   789 | D:2      | Bought a scroll of identify for 22 gold pieces
  1032 | D:2      | Noticed Robin
  1221 | D:1      | Reached skill level 4 in Crossbows
  1285 | D:2      | HP: 7/30 [Robin/+0 spear (1)]
  1286 | D:2      | Killed Robin
  1292 | D:2      | HP: 2/30 [hobgoblin[Robin] (5)]
  1301 | D:2      | Reached XP level 4. HP: 37/37 MP: 1/5
  1403 | D:2      | Found a faded altar of an unknown god.
  1429 | D:2      | Found Onemix's Book Shoppe.
  1974 | D:3      | Reached skill level 5 in Crossbows
  2020 | D:2      | Bought a pair of boots for 112 gold pieces
  2157 | D:3      | Noticed Terence
  2162 | D:3      | Reached skill level 3 in Hexes
  2162 | D:3      | Reached XP level 5. HP: 43/43 MP: 1/6
  2303 | D:3      | Killed Terence
  2916 | D:4      | Found Vommagack's Weapon Emporium.
  3194 | D:4      | You fall into a shaft and drop 1 floor!
  3194 | D:5      | Entered Level 5 of the Dungeon
  3207 | D:5      | Reached skill level 6 in Crossbows
  3207 | D:5      | Reached XP level 6. HP: 38/50 MP: 7/7
  3291 | D:5      | Found a glowing silver altar of Zin.
  3317 | D:5      | HP: 4/50 [centaur/arrow (10)]
  3317 | D:5      | Shot with an arrow by a centaur

Vanquished Creatures
  2 scorpions (D:5)
  Terence (D:3)
  An orc wizard (D:5)
  Robin (D:2)
  3 gnolls (D:3)
  4 adders
  An ufetubus (D:4)
  4 worms
  A dart slug (D:2)
  5 orcs
  8 endoplasms
  6 giant cockroaches
  14 goblins
  14 hobgoblins
  2 jackals (D:2)
  6 quokkas
  2 ball pythons
  5 bats
  5 frilled lizards
  9 kobolds
  11 rats
105 creatures vanquished.

Table legend:
 A = Non-vault XP
 B = Vault XP
 C = Vault XP percentage of total XP
 D = Non-vault monster count
 E = Vault monster count
 F = Vault count percentage of total count
                 A         B        C        D         E       F
            +---------+---------+-------+---------+---------+-------
      Total |     408 |     127 |  23.7 |      81 |      24 |  22.9
            +---------+---------+-------+---------+---------+-------
        D:1 |      52 |       2 |   3.7 |      26 |       1 |   3.7
        D:2 |      44 |      73 |  62.4 |      21 |      20 |  48.8
        D:3 |      84 |      52 |  38.2 |      23 |       3 |  11.5
        D:4 |      16 |       0 |   0.0 |       5 |       0 |   0.0
        D:5 |     212 |       0 |   0.0 |       6 |       0 |   0.0
            +---------+---------+-------+---------+---------+-------

Illustrated notes

Table legend:
 A = Kills in this place as a percentage of kills in entire the game.
 B = Kills by you in this place as a percentage of kills by you in the entire game.
 C = Kills by friends in this place as a percentage of kills by friends in the entire game.
 D = Other kills in this place as a percentage of other kills in the entire game.
 E = Experience gained in this place as a percentage of experience gained in the entire game.
 F = Experience gained in this place divided by the number of levels of this place that you have seen.
                   A       B       C       D       E      F
               +-------+-------+-------+-------+-------+----------------------
         Total | 100.0 | 100.0 |   N/A |   N/A | 100.0 | 107.0
       Dungeon | 100.0 | 100.0 |   N/A |   N/A | 100.0 | 107.0
               +-------+-------+-------+-------+-------+----------------------

Table legend: (Time is in decaauts)
 A = Elapsed time spent in this place.
 B = Non-inter-level travel time spent in this place.
 C = Inter-level travel time spent in this place.
 D = Time resting spent in this place.
 E = Time spent auto-exploring this place.
 F = Levels seen in this place.
 G = Mean time per level.
                   A        B        C        D        E       F      G
               +--------+--------+--------+--------+--------+-----+--------+
         Total |   3417 |   3047 |    370 |    251 |   2002 |   5 |  683.4 |
       Dungeon |   3417 |   3047 |    370 |    251 |   2002 |   5 |  683.4 |
               +--------+--------+--------+--------+--------+-----+--------+

Top non-repeatable levels by time:
     D:1: 1064 daAuts
     D:2: 1047 daAuts
     D:3: 900 daAuts
     D:4: 280 daAuts
     D:5: 124 daAuts
